Map: Tours du crépuscule

Players

Dodo - Winner!

  • Race: Terran Terran
  • League: Gold

Zerger

  • Race: Zerg Zerg
  • League: Platinum

VOD

Have the link to the VOD?

Description

Time

  • Played on: June 15, 2016, 11:22 a.m.
  • Length: 9:40
Show
View Real Time Build Order
Export as new Build Order

Dodo Terran - Winner!

Build Orders: Command Center First (CC), MMM Bio 

Get SALT Encoding   

  12  0:01  SCV  
  13  0:13  SCV  
  14  0:19  Supply Depot  
  14  0:26  SCV  
  15  0:40  SCV  
  16  0:52  SCV  
  17  1:04  SCV  
  17  1:07  Command Center  
  18  1:16  SCV  
  19  1:24  Barracks  
  19  1:29  SCV  
  20  1:39  Supply Depot  
  20  1:41  SCV  
  21  1:53  SCV  
  22  1:54  Barracks  
  22  2:05  SCV  
  23  2:13  Barracks  
  23  2:16  Marine  
  23  2:22  SCV  
  26  2:25  Orbital Command  
  25  2:34  Marine  
  26  2:38  Refinery  
  26  2:42  Refinery  
  26  2:44  Orbital Command  
  26  2:45  Marine  
  26  2:51  SCV, Marine  
  29  3:03  Marine  
  30  3:09  Marine x2  
  32  3:24  Barracks  
  32  3:26  SCV  
  34  3:27  Marine x2  
  36  3:36  Barracks Tech Lab  
  36  3:41  SCV  
  36  3:45  Marine x2  
  36  3:47  Supply Depot  
  38  3:53  SCV x2  
  38  3:54  Barracks  
  40  4:03  Marine  
  40  4:04  Marine, Stimpack  
  40  4:05  SCV  
  40  4:08  SCV  
  46  4:17  SCV  
  46  4:20  Barracks Reactor  
  46  4:22  Marine  
  47  4:28  Barracks Tech Lab  
  47  4:29  Barracks Tech Lab  
  47  4:30  SCV  
  47  4:35  Supply Depot  
  47  4:40  Marine  
  47  4:43  Barracks Reactor  
  48  4:51  Marine x2  
  50  4:56  Marine x2  
  50  4:58  Marauder  
  50  4:59  Supply Depot  
  54  5:02  Combat Shields  
  54  5:06  SCV  
  55  5:08  SCV  
  55  5:09  Marine x2  
  55  5:13  Marine  
  55  5:14  Marine  
  60  5:18  SCV  
  60  5:19  Marine  
  65  5:21  Marauder, SCV  
  65  5:22  Marine  
  65  5:27  Supply Depot x2, Marauder, Marine  
  69  5:30  SCV  
  70  5:42  Factory  
  70  5:48  SCV, Marine x5  
  70  5:49  Marauder x2  
  80  5:50  SCV  
  80  5:56  Refinery  
  81  5:59  Refinery  
  81  6:01  SCV  
  82  6:06  Marine x4  
  86  6:24  Marine x3  
  86  6:25  Marine  
  86  6:26  Marine  
  86  6:27  Marine x2  
  70  6:41  Marine  
  70  6:42  Marine x2  
  70  6:44  Marauder x2, SCV, Marine  
  70  6:45  Marine, Factory Reactor  
  80  6:51  Starport  
  80  6:57  SCV x2  
  80  6:59  Marine  
  80  7:00  Marine x2  
  85  7:02  Marine  
  85  7:07  Command Center  
  86  7:13  Supply Depot  
  86  7:23  Engineering Bay  
  86  7:25  Engineering Bay  
  86  7:29  Supply Depot  
  86  7:34  Marine x7  
  86  7:35  Concussive Shells  
  93  7:39  SCV  
  94  7:50  SCV  
  94  7:51  SCV  
  96  7:52  Marine x6  
  96  7:54  Factory Reactor  
  102  8:18  SCV x2, Medivac x2, Marine x7  
  115  8:26  Supply Depot  
  115  8:30  SCV  
  116  8:35  Supply Depot  
  116  8:36  Marine x7  
  116  8:37  SCV  
  116  8:39  Orbital Command  
  124  8:52  Medivac x2  
  124  8:54  Marine x5  
  133  8:56  Marine x2  
  133  9:01  SCV  
  136  9:07  Barracks  
  136  9:09  Widow Mine  
  138  9:12  Marine x3  
  138  9:14  SCV  
  141  9:25  SCV  
Show
View Real Time Build Order
Export as new Build Order

Zerger Zerg 

Build Orders: Pool First 

Get SALT Encoding   

  12  0:01  Drone  
  13  0:16  Extractor, Drone x2  
  14  0:24  Overlord  
  14  0:44  Drone x2  
  14  0:48  Drone  
  17  0:58  Spawning Pool  
  17  1:02  Evolution Chamber  
  15  1:09  Drone  
  16  1:13  Drone  
  17  1:48  Queen  
  17  1:49  Roach Warren  
  18  1:54  Zergling x2  
  18  1:59  Drone  
  20  2:02  Drone  
  21  2:10  Hatchery  
  20  2:20  Overlord  
  20  2:40  Drone  
  20  2:41  Drone  
  20  2:42  Drone  
  20  2:43  Hatchery  
  22  2:56  Drone  
  23  3:03  Roach x3  
  29  3:06  Drone  
  30  3:14  Extractor  
  30  3:17  Overlord  
  29  3:31  Overlord  
  29  3:35  Queen  
  31  3:47  Drone x2  
  32  3:51  Zerg Missile Weapons Level 1  
  32  3:52  Drone x2  
  34  3:57  Drone x2  
  34  4:00  Drone  
  37  4:03  Drone  
  38  4:12  Drone x2  
  40  4:26  Zergling x2  
  41  4:32  Queen  
  41  4:33  Overlord x2  
  41  4:34  Drone x2  
  41  4:36  Ravager x3  
  48  4:41  Drone  
  48  4:44  Overlord  
  49  4:51  Drone  
  50  5:02  Drone  
  50  5:03  Drone x2  
  50  5:06  Drone x3  
  50  5:07  Drone x5  
  58  5:14  Queen  
  61  5:18  Extractor  
  61  5:21  Spore Crawler  
  61  5:22  Spore Crawler  
  61  5:25  Spore Crawler  
  61  5:26  Drone  
  61  5:27  Extractor, Drone x2  
  61  5:34  Lair  
  61  5:38  Roach x3  
  61  5:39  Roach  
  69  5:45  Overlord  
  69  5:49  Overlord, Roach x2  
  73  5:59  Overlord  
  73  6:08  Drone x6  
  81  6:11  Roach x3  
  81  6:12  Roach x2  
  89  6:30  Roach x6  
  89  6:51  Drone  
  89  6:52  Drone x2  
  94  6:58  Glial Reconstitution  
  92  7:04  Hydralisk Den  
  92  7:07  Infestation Pit  
  91  7:08  Evolution Chamber, Drone x3  
  91  7:09  Drone x4  
  91  7:11  Extractor  
  91  7:12  Roach  
  97  7:20  Drone  
  97  7:21  Overlord x3  
  98  7:28  Overseer x2  
  98  7:39  Extractor  
  98  7:40  Roach x6  
  109  7:46  Drone x3  
  109  7:47  Drone  
  113  8:06  Muscular Augments, Extractor  
  113  8:07  Hydralisk x4  
  113  8:08  Hatchery  
  113  8:09  Extractor  
  113  8:10  Overlord x3  
  118  8:15  Drone x3  
  121  8:28  Overlord x2  
  121  8:36  Hydralisk x2  
  125  8:44  Ravager x2  
  125  8:45  Ravager x2  
  129  8:52  Hydralisk x3  
  129  8:53  Overlord  
  129  8:54  Overlord  
  136  8:55  Drone x3  
  138  9:15  Roach  
  138  9:16  Roach x3  
Tags
 
Add a new tag
Caveats
  • Supply blocks, unpowered buildings, or Contaminate may cause inaccurate times.
  • Supply counts are checked every 10 seconds.